 Dungeon Crawl Stone Soup version 0.28-a0-724-g66f9036eb4 (webtiles) character file.

Game seed: 7311711150185835359

12 AarnesTheHuman the Shield-Bearer (level 2, 22/24 HPs)
             Began as a Formicid Fighter on Oct 27, 2021.
             Was a Follower of Okawaru.
             Got out of the dungeon alive.
             The game lasted 00:01:00 (565 turns).

AarnesTheHuman the Shield-Bearer (Formicid Fighter)  Turns: 565, Time: 00:01:00

Health: 22/24      AC:  6    Str: 20    XL:     2   Next: 45%
Magic:  2/2        EV:  9    Int:  7    God:    Okawaru [*.....]
Gold:   0          SH:  4    Dex: 10    Spells: 1/1 levels left

rFire   . . .      SeeInvis +   a - +0 long sword
rCold   . . .      Faith    .   c - +0 buckler
rNeg    . . .      Spirit   .   b - +0 scale mail
rPois   .          Reflect  .   (helmet unavailable)
rElec   .          Harm     .   (no cloak)
rCorr   .          Rampage  .   (no gloves)
Will    .....                   (no boots)
Stlth   ..........              (no amulet)
HPRegen 0.08/turn               (no ring)
MPRegen 0.08/turn               (no ring)

@: no status effects
A: permanent stasis, dig shafts and tunnels, antennae 3, four strong arms
a: Dig, Shaft Self, Renounce Religion, Heroism


You escaped.
You worshipped Okawaru.
Okawaru was aware of your devotion.
You visited 1 branch of the dungeon, and saw 1 of its levels.

Inventory:

Hand Weapons
 a - a +0 long sword (weapon)
Armour
 b - a +0 scale mail (worn)
 c - a +0 buckler (worn)
Scrolls
 f - a scroll of enchant weapon {unknown}
 g - 2 scrolls of teleportation {unknown}
 h - a scroll of identify {unknown}
Potions
 d - a potion of might
 e - a potion of flight {unknown}


   Skills:
 + Level 3.5 Fighting
 + Level 2.2 Long Blades
 + Level 3.5 Armour
 + Level 3.8 Shields


You had one spell level left.
You didn't know any spells.
Your spell library was empty.

Dungeon Overview and Level Annotations

Branches:
Dungeon (1/15)

Altars:
Okawaru


Innate Abilities, Weirdness & Mutations

You cannot be hasted, slowed, berserked, paralysed or teleported.
You can dig through walls and to a lower floor.
You have a pair of large antennae on your head. (SInv)
Your four strong arms can wield two-handed weapons with a shield.


Message History

The hobgoblin hits you but does no damage.
The frilled lizard closely misses you.
You slash the kobold!
You kill the kobold!
The frilled lizard bites you but does no damage.
The hobgoblin hits you.
You completely miss the hobgoblin.
The frilled lizard bites you but does no damage.
The hobgoblin closely misses you. The frilled lizard barely misses you.
The hobgoblin hits you but does no damage.
You hit the hobgoblin but do no damage.
The frilled lizard bites you but does no damage.
You block the hobgoblin's attack.
You hit the hobgoblin.
You kill the hobgoblin!
The frilled lizard bites you but does no damage.
You slash the frilled lizard!
You kill the frilled lizard!
No target in view!
No target in view!
(D) Dungeon
Where to? (Enter - D:1 @ (x,y), ? - help)
Okay, then.
(D) Dungeon
Where to? (Enter - D:1 @ (x,y), ? - help)
You enter the shallow water.
Moving in this stuff is going to be slow.
There is a faded altar of an unknown god here.
You cannot tell which god this altar belongs to.
Convert to them anyway?
Okawaru accepts your prayer! Okawaru welcomes you!
You can now gain great but temporary skills.
You enter the shallow water.
Moving in this stuff is going to be slow.
There is a stone staircase leading down here.
There is a staircase leading out of the dungeon here.
Are you sure you want to leave the Dungeon?
This will make you lose the game!
Alright, then stay!
Are you sure you want to leave the Dungeon?
This will make you lose the game!
You have escaped!

##.# ######..P..PP .♣.PP
... #....#...PP.P..P..P.P
#.# #.####.PP♣..P♣P.PPPP.#
#.. #.##.#.P.P.PP.♣.♣♣.♣.
##)† #...##.PPPP..PPP..P.♣
#.†.
#..#.##################
#...
####..##.................##
#...
#..........##...@...##....#
#...
#.###.##.(................#
#... #.#
##############....###.#
#... #.#
#...........#.###.####...
#.#
#.......≈≈≈.#.#..........
#.#
#.......≈)≈..............
#.#
#.......≈≈≈...#..........
#.#
#.............#.##.###...
#.# #...........>...##.#
#...


There were no monsters in sight!

Vanquished Creatures
  2 bats (D:1)
  A goblin (D:1)
  3 hobgoblins (D:1)
  A ball python (D:1)
  4 frilled lizards (D:1)
  A kobold (D:1)
12 creatures vanquished.

Notes
Turn   | Place    | Note
-------+----------+-------------------------------------------
     0 | D:1      | AarnesTheHuman the Formicid Fighter began the quest for the
                  | Orb.
     0 | D:1      | Reached XP level 1. HP: 18/18 MP: 1/1
   369 | D:1      | Found a faded altar of an unknown god.
   479 | D:1      | Reached XP level 2. HP: 24/24 MP: 2/2
   533 | D:1      | Prayed at the altar of an unknown god.
   533 | D:1      | Became a worshipper of Warmaster Okawaru
   533 | D:1      | Reached * piety under Okawaru
   565 | D:$      | Got out of the dungeon alive.

Illustrated notes

Levels and vault maps discovered:
D:1:      minmay_arrival_arboretum_small, layout_loops_cross,
          chequers_ecumenical_altar_island, corexii_item_surrounded_by_moat

Action                   || total
-------------------------++-------
Melee: Long sword        ||    33
Armor: Scale mail        ||    33
Dodge: Dodged            ||    16
Block: Buckler           ||    10

Table legend: (Time is in decaauts)
 A = Elapsed time spent in this place.
 B = Non-inter-level travel time spent in this place.
 C = Inter-level travel time spent in this place.
 D = Time resting spent in this place.
 E = Time spent auto-exploring this place.
 F = Levels seen in this place.
 G = Mean time per level.
                   A        B        C        D        E       F      G
               +--------+--------+--------+--------+--------+-----+--------+
         Total |    583 |    508 |     75 |      0 |    424 |   1 |  583.0 |
       Dungeon |    583 |    508 |     75 |      0 |    424 |   1 |  583.0 |
               +--------+--------+--------+--------+--------+-----+--------+

Top non-repeatable levels by time:
     D:1: 583 daAuts
